 Dungeon Crawl Stone Soup version 0.31-a0-1308-ga3cce3a448 (webtiles) character file.

Game seed: 13762233317138175674

474 bmb222 the Sneak (level 6, 0/49 HPs)
             Began as a Demonspawn Delver on Dec 19, 2023.
             Succumbed to an orc priest's poison
             ... on level 3 of the Dungeon.
             The game lasted 00:06:31 (3121 turns).

bmb222 the Sneak (Demonspawn Delver)                Turns: 3121, Time: 00:06:32

Health: 0/49       AC:  4    Str: 12    XL:     6   Next: 84%
Magic:  6/6        EV: 14    Int: 11    God:
Gold:   119        SH:  4    Dex: 20    Spells: 5/5 levels left

rFire   . . .        k - +0 dagger (flame)
rCold   . . .        (no shield)
rNeg    . . .        t - +2 robe {Will+}
rPois   .            (no helmet)
rElec   .            (no cloak)
rCorr   .            (no gloves)
SInv    .            (no boots)
Will    +....        q - amulet of magic regeneration
Stlth   +++++        (no ring)
HPRegen 0.28/turn    (no ring)
MPRegen 0.50/turn

%: no passive effects
@: lethally poisoned (0 -> -4), attractive
A: thin skeletal structure 2, demonic guardian 1, condensation shield
a: no special abilities


You were on level 3 of the Dungeon.
You visited 1 branch of the dungeon, and saw 5 of its levels.

You collected 119 gold pieces.

Inventory:

Hand Weapons
 a - a +0 short sword
 k - a +0 dagger of flaming (weapon)
Missiles
 v - 5 poisoned darts
Armour
 b - a +0 leather armour
 t - a +2 robe of willpower (worn)
 x - a +0 helmet
Jewellery
 f - a ring of ice
 q - an amulet of magic regeneration (around neck)
Talismans
 w - a serpent talisman
Wands
 g - a wand of digging (3)
Scrolls
 c - a scroll of fog
 d - a scroll of revelation
 e - a scroll of fear
 j - 3 scrolls of identify {unknown}
 l - a scroll of blinking {unknown}
 n - a scroll of immolation {unknown}
 p - a scroll of summoning {unknown}
 r - a scroll of enchant weapon {unknown}
 s - a scroll of teleportation {unknown}
 u - a scroll of brand weapon {unknown}
Potions
 i - 2 potions of enlightenment


   Skills:
 + Level 4.6 Fighting
 + Level 3.6 Short Blades
 + Level 3.6 Dodging
 + Level 5.8 Stealth


You had 5 spell levels left.
You didn't know any spells.
Your spell library contained the following spells:

 Spells                   Type           Power      Damage    Failure   Level
 Foxfire                  Conj/Fire      0%         2x1d4     34%         1
 Magic Dart               Conj           0%         1d3       34%         1
 Call Imp                 Summ           0%         N/A       47%         2
 Mephitic Cloud           Conj/Pois/Air  0%         N/A       71%         3
 Passage of Golubria      Tloc           0%         N/A       98%         4
 Silence                  Hex/Air        0%         N/A       100%        5
 Plasma Beam              Fire/Air       0%         2x1d10    100%        6
 Starburst                Conj/Fire      0%         6d3       100%        6
 Lehudib's Crystal Spear  Conj/Erth      0%         10d2      100%        8


Dungeon Overview and Level Annotations

Branches:
Dungeon (5/15)
 Temple: D:4-7

Altars:


Innate Abilities, Weirdness & Mutations

You have a moderately thin skeletal structure. (Dex +4, Stealth++)
A weak demonic guardian rushes to your aid.
A meltable shield of frost defends you. (SH +4)


Message History

You are confused.
You feel invigorated.
Your ufetubus hits the orc priest but does no damage.
Your ufetubus closely misses the orc priest.
The orc priest invokes the aid of Beogh against you.
Pain shoots through your body!
* * * LOW HITPOINT WARNING * * *
Your ufetubus misses the orc priest.
Your ufetubus closely misses the orc priest.
It was a potion of attraction.
You feel attractive to monsters.
Your ufetubus hits the orc priest but does no damage.
Your ufetubus hits the orc priest.
The orc priest looks satisfied for a moment.
Unknown command.
You bump into the rock wall.
You feel less invigorated.
You feel less confused.
Your ufetubus hits the orc priest.
Your ufetubus closely misses the orc priest.
The orc priest misses your ufetubus.
The orc priest hits you with a +0 hand axe of venom.
* * * LOW HITPOINT WARNING * * *
You are lethally poisoned!
Your ufetubus hits the orc priest.
The orc priest dies!
Unknown command.
There is a lethal amount of poison in your body!
* * * LOW HITPOINT WARNING * * *
You feel very sick.
* * * LOW HITPOINT WARNING * * *
You feel sick.
* * * LOW HITPOINT WARNING * * *
You feel sick.
* * * LOW HITPOINT WARNING * * *
You feel sick.
Things that are here:
a +0 hand axe of venom; an orc corpse
There is a lethal amount of poison in your body!
Unknown command.
You die...

##o### ##~~~~##
##.#.## #####.
##.###.## #..#
###.## ##.#### #.#.
#..## ##o..# #.##
#...## ##.##.# #)##
#..#.###†.##.# #.##
#..##.#.#.##.# #.##
#.@###..#.##.# #.##
#5.# ##.#.##.# #.##
#..# #.#.##.###.##
#..# #.#.##.##...#
#..####.#.##.#.....
#..................
#.........####.....
########### ##...#
##...


You could see a friendly ufetubus (summoned).

Vanquished Creatures
  An ice beast (D:3)
  2 scorpions
  2 orc wizards (D:3)
  3 gnolls
  4 adders
  3 dart slugs
  10 orcs
  4 bats
  7 endoplasms
  3 giant cockroaches
  4 hobgoblins
  3 jackals (D:3)
  2 quokkas
  5 ball pythons
  7 frilled lizards
  4 goblins
  3 kobolds
  7 rats
74 creatures vanquished.

Vanquished Creatures (collateral kills)
  An orc priest (D:3)
  Jessica (D:3)
  A quokka (D:3)
  A frilled lizard (D:1)
4 creatures vanquished.

Grand Total: 78 creatures vanquished

Notes
Turn   | Place    | Note
-------+----------+-------------------------------------------
     0 | D:5      | bmb222 the Demonspawn Delver began the quest for the Orb.
     0 | D:5      | Reached XP level 1. HP: 18/18 MP: 1/1
     1 | D:5      | Noticed an iguana
     7 | D:5      | Noticed an iguana
   155 | D:4      | Noticed a scorpion
   158 | D:4      | Killed a scorpion
   159 | D:4      | Gained mutation: A meltable shield of frost defends you.
                  | (SH +4) [demonic ancestry]
   159 | D:4      | Reached XP level 2. HP: 24/24 MP: 2/2
   159 | D:4      | Reached XP level 3. HP: 29/29 MP: 3/3
   431 | D:3      | Reached skill level 5 in Stealth
   431 | D:3      | Gained mutation: You have a somewhat thin skeletal
                  | structure. (Dex +2, Stealth+) [demonic ancestry]
   431 | D:3      | Reached XP level 4. HP: 29/35 MP: 4/4
  1081 | D:2      | Gained mutation: A weak demonic guardian rushes to your
                  | aid. [demonic ancestry]
  1081 | D:2      | Reached XP level 5. HP: 40/42 MP: 5/5
  1879 | D:3      | Noticed Jessica
  1912 | D:3      | Killed Jessica
  2075 | D:3      | Noticed an ice beast
  2101 | D:3      | Killed an ice beast
  2102 | D:3      | Gained mutation: You have a moderately thin skeletal
                  | structure. (Dex +4, Stealth++) [demonic ancestry]
  2102 | D:3      | Reached XP level 6. HP: 15/48 MP: 6/6
  3113 | D:3      | HP: 1/49 [orc priest/divine providence (11)]
  3119 | D:3      | HP: 1/49 [poisoned by an orc priest]
  3121 | D:3      | Succumbed to an orc priest's poison

Illustrated notes

Levels and vault maps discovered:
D:1:      tarquinn_simple_flora_water_b, layout_rooms, hex_tiny,
          due_unseen_surprise
D:2:      layout_rooms, grunt_decor_fettered
D:3:      cheibrodos_helix_gallery, layout_loops_ring, general_overflow_altar,
          uniq_jessica
D:4:      layout_basic, serial_shops, shop, hangedman_abyss_or_decor_stagger
D:5:      layout_rooms

Skill      XL: |  1  2  3  4  5 |
---------------+----------------+-----
Short Blades   | 2 3 |  3.6
Dodging        | 2 3 |  3.6
Stealth        | 5 |  5.8
Fighting       | 4 |  4.6

Action                     |  1- 3 |  4- 6 || total
---------------------------+-------+-------++-------
  Melee: Short sword       |    46 |       ||    46
         Dagger            |    11 |   299 ||   310
         Punch             |       |     4 ||     4
    Use: Potion            |       |     7 ||     7
   Stab: Sleeping          |     2 |    11 ||    13
         Distracted        |       |     2 ||     2
 Armour: Leather armour    |    25 |   101 ||   126
         Robe              |       |    54 ||    54
  Dodge: Dodged            |    20 |   147 ||   167
  Block: Other             |     2 |    33 ||    35

Table legend: (Time is in decaauts)
 A = Elapsed time spent in this place.
 B = Non-inter-level travel time spent in this place.
 C = Inter-level travel time spent in this place.
 D = Time resting spent in this place.
 E = Time spent auto-exploring this place.
 F = Levels seen in this place.
 G = Mean time per level.
                   A        B        C        D        E       F      G
               +--------+--------+--------+--------+--------+-----+--------+
         Total |   3054 |   3018 |     36 |    617 |   1301 |   5 |  610.8 |
       Dungeon |   3054 |   3018 |     36 |    617 |   1301 |   5 |  610.8 |
               +--------+--------+--------+--------+--------+-----+--------+

Top non-repeatable levels by time:
     D:3: 1287 daAuts
     D:2: 794 daAuts
     D:1: 584 daAuts
     D:4: 375 daAuts
     D:5: 13 daAuts
